 Dungeon Crawl Stone Soup version 0.24-a0-525-g9231cdcba1 (webtiles) character file.

Game seed: 10078374375749049492

2912 Aggronaut the Grappler (level 9, -5/80 HPs)
             Began as a Troll Monk on Aug 1, 2019.
             Was a Believer of the Shining One.
             Slain by a wyvern skeleton (14 damage)
             ... on level 7 of the Dungeon.
             The game lasted 00:12:35 (5917 turns).

Aggronaut the Grappler (Troll Monk)                 Turns: 5917, Time: 00:12:36

Health: -5/80      AC:  7    Str: 22    XL:     9   Next: 49%
Magic:  8/8        EV: 10    Int: 10    God:    the Shining One [**....]
Gold:   326        SH:  0    Dex: 14    Spells: 5/8 levels left

rFire    . . .     SeeInvis .     - Unarmed
rCold    . . .     Gourm    +   (no shield)
rNeg     + + .     Faith    .   x - +0 robe {rN+}
rPois    .         Spirit   .   (helmet restricted)
rElec    .         Reflect  .   o - +0 cloak
rCorr    .         Harm     .   (gloves unavailable)
MR       +....                  (boots unavailable)
Stlth    +.........             (no amulet)
HPRegen  0.63/turn              j - ring of protection from magic
MPRegen  0.11/turn              p - +4 ring of intelligence

@: glowing
A: large, unfitting armour, claws 3, fast metabolism 3, gourmand, regeneration
1, shaggy fur 1, tough skin 3
a: Divine Shield, Renounce Religion


You were on level 7 of the Dungeon.
You worshipped the Shining One.
The Shining One was pleased with you.
You were not hungry.

You visited 2 branches of the dungeon, and saw 8 of its levels.

You collected 326 gold pieces.

Inventory:

Armour
 o - a +0 cloak (worn)
 x - a +0 robe of positive energy (worn)
Jewellery
 g - an uncursed ring of resist corrosion
 j - a ring of protection from magic (left claw)
 p - a +4 ring of intelligence (right claw)
 s - an uncursed ring of stealth
 w - an uncursed ring of stealth
Wands
 q - a wand of polymorph (5)
 y - a wand of acid (9)
Scrolls
 a - a scroll of amnesia {unknown}
 d - 2 scrolls of fear {unknown}
 e - 8 scrolls of remove curse
 f - 2 scrolls of enchant weapon {unknown}
 i - 2 scrolls of enchant armour {unknown}
 m - a scroll of immolation {unknown}
 r - 5 scrolls of teleportation {unknown}
 v - a scroll of fog {unknown}
Potions
 c - 2 potions of haste
 h - 3 potions of brilliance
 k - 2 potions of heal wounds
 l - a potion of curing {unknown}
 n - a potion of magic
 t - a potion of ambrosia
 u - a potion of invisibility
 z - a potion of flight {unknown}
 A - a potion of might
Comestibles
 b - 11 rations


   Skills:
 - Level 2.4 Fighting
 - Level 2.4 Dodging
 - Level 1.0 Stealth
 + Level 13.1 Unarmed Combat


You had 5 spell levels left.
You knew the following spells:

 Your Spells              Type           Power        Failure   Level  Hunger
a - Inner Flame           Hex/Fire       #.......     75%         3    ####...

Your spell library contained the following spells:

 Spells                   Type           Power        Failure   Level  Hunger
 Animate Skeleton         Necr           N/A          36%         1    ##.....
 Apportation              Tloc           #.....       36%         1    ##.....
 Confusing Touch          Hex            #.....       36%         1    ##.....
 Corona                   Hex            #......      36%         1    ##.....
 Summon Small Mammal      Summ           #...         36%         1    ##.....
 Slow                     Hex            #.......     50%         2    ###....
 Portal Projectile        Hex/Tloc       #.....       75%         3    ####...
 Cause Fear               Hex            #.........   98%         4    #####..
 Leda's Liquefaction      Hex/Erth       #.........   98%         4    #####..


Dungeon Overview and Level Annotations

Branches:
Dungeon (7/15)             Temple (1/1) D:7

Altars:
Ashenzari
Cheibriados
Dithmenos
Fedhas
Gozag
Hepliaklqana
Kikubaaqudgha
Makhleb
Nemelex Xobeh
Okawaru
Qazlal
Ru
Sif Muna
Trog
Uskayaw
Vehumet
Xom
Yredelemnul
The Shining One

Shops:
D:6 }


Innate Abilities, Weirdness & Mutations

You are too large for most types of armour.
You have claws for hands.
Your metabolism is lightning-fast.
You like to eat raw meat.
Your natural rate of healing is unusually fast.
You are covered in fur. (AC +1)
You have extremely tough skin. (AC +3)


Message History

Demivan's ghost is almost destroyed.
You claw demivan's ghost!
Demivan's ghost is almost destroyed.
Demivan's ghost hits you!
You scratch demivan's ghost.
Demivan's ghost is almost destroyed.
Demivan's ghost hits you but does no damage.
You scratch demivan's ghost but do no damage.
Demivan's ghost is almost destroyed.
Demivan's ghost hits you!!
* * * LOW HITPOINT WARNING * * *
You claw demivan's ghost!
You destroy demivan's ghost!
The Shining One accepts your kill.
Your life force feels restored.
Your Unarmed Combat skill increases to level 13!
The wyvern skeleton bites you.
* * * LOW HITPOINT WARNING * * *
The wyvern skeleton bites you!
You die...

..# #.#####.##.## ..#
#########..........#
..######
#..#.#..######.##..#
.......#
##.$$$.#####...##..##
.#####.#
#.......#............
.#
##.....##......##..###
.# #.......###.##.#
... .#
###'''####...#.# ) [#
#....ZZ@...#......
####
##...#####......## #..
......# ##......# #.#
####.# .......# #.# #.
##### #.....## ##.###
. .#.. .....# #.#..##
# .#.# ..... .##...#
#.#.#.# ####
#.#..#########.#)#.#


You could see a centaur simulacrum and a wyvern skeleton.

Vanquished Creatures
  The ghost of demivan the Cleaver, a novice HOMo of Beogh (D:7)
  Sigmund (D:2)
  Eustachio (D:6)
  A necrophage (D:7)
  A phantom (D:4)
  An ogre (D:4)
  A centaur (D:7)
  2 big kobolds (D:5)
  4 bullfrogs
  A wyvern skeleton (D:7)
  3 scorpions (D:7)
  5 wights (D:7)
  2 crimson imps
  2 hounds (D:6)
  2 orc priests
  2 centaur skeletons
  An orc wizard (D:2)
  A bullfrog skeleton (D:5)
  3 iguanas
  Terence (D:3)
  Natasha (D:3)
  A killer bee zombie (D:6)
  5 worker ants
  2 hound skeletons
  Robin (D:3)
  8 gnolls
  4 adders
  2 oozes
  4 adder zombies
  8 worms
  7 leopard geckos
  21 orcs
  A ball python (D:3)
  2 giant cockroaches (D:1)
  18 goblins
  5 hobgoblins
  13 jackals
  5 quokkas
  6 bats
  5 frilled lizards
  30 kobolds
  2 leopard gecko skeletons
  6 rats
  4 plants (D:5)
197 creatures vanquished.

Notes
Turn   | Place    | Note
-------+----------+-------------------------------------------
     0 | D:1      | Aggronaut the Troll Monk began the quest for the Orb.
     0 | D:1      | Reached XP level 1. HP: 22/22 MP: 0/0
   231 | D:1      | Reached XP level 2. HP: 29/29 MP: 1/1
   620 | D:1      | Reached skill level 4 in Unarmed Combat
   953 | D:2      | Reached XP level 3. HP: 36/36 MP: 2/2
  1125 | D:2      | Found a sacrificial altar of Ru.
  1338 | D:2      | Reached XP level 4. HP: 44/44 MP: 3/3
  1412 | D:2      | Reached skill level 5 in Unarmed Combat
  1552 | D:2      | Noticed Sigmund
  1566 | D:2      | Killed Sigmund
  1566 | D:2      | Reached skill level 6 in Unarmed Combat
  1566 | D:2      | Reached XP level 5. HP: 50/50 MP: 4/4
  1821 | D:3      | Noticed Terence
  1826 | D:3      | Killed Terence
  1840 | D:3      | Reached XP level 6. HP: 59/59 MP: 5/5
  1885 | D:3      | Noticed Natasha
  1890 | D:3      | Killed Natasha
  1890 | D:3      | Reached skill level 7 in Unarmed Combat
  2155 | D:3      | Noticed Robin
  2183 | D:3      | Killed Robin
  2676 | D:4      | Reached skill level 8 in Unarmed Combat
  2864 | D:4      | Reached XP level 7. HP: 62/66 MP: 6/6
  3318 | D:5      | Entered Level 5 of the Dungeon
  3427 | D:5      | Found an opulent altar of Gozag.
  3477 | D:5      | Reached skill level 9 in Unarmed Combat
  3478 | D:5      | Found a blossoming altar of Fedhas.
  3620 | D:5      | Learned a level 3 spell: Inner Flame
  3811 | D:5      | Found a burning altar of Makhleb.
  3812 | D:5      | Found a shattered altar of Ashenzari.
  3870 | D:5      | Reached XP level 8. HP: 74/74 MP: 7/7
  4401 | D:6      | Found Deniegg's Gadget Shop.
  4425 | D:6      | Reached skill level 10 in Unarmed Combat
  4570 | D:6      | Found a shimmering altar of Xom.
  4623 | D:6      | Noticed Eustachio
  4637 | D:6      | Killed Eustachio
  4679 | D:6      | Reached skill level 11 in Unarmed Combat
  5161 | D:7      | Found an opulent altar of Gozag.
  5215 | D:7      | Found a bloodstained altar of Trog.
  5231 | D:7      | Found a staircase to the Ecumenical Temple.
  5289 | D:7      | Reached XP level 9. HP: 49/80 MP: 8/8
  5329 | Temple   | Entered the Ecumenical Temple
  5641 | D:7      | Found a glowing golden altar of the Shining One.
  5672 | D:7      | Became a worshipper of the Shining One
  5672 | D:7      | Reached * piety under the Shining One
  5672 | D:7      | Reached ** piety under the Shining One
  5764 | D:7      | Reached skill level 12 in Unarmed Combat
  5786 | D:7      | HP: 1/80 [wight/+5 halberd of freezing (7)]
  5888 | D:7      | Found a runed translucent gate.
  5888 | D:7      | Found a runed translucent gate.
  5888 | D:7      | Found a runed translucent gate.
  5889 | D:7      | Noticed demivan's ghost (novice HOMo)
  5916 | D:7      | Killed demivan's ghost
  5916 | D:7      | Reached skill level 13 in Unarmed Combat
  5917 | D:7      | Slain by a wyvern skeleton

Levels and vault maps discovered:
D:1:      psy_arrival_radial01, layout_loops_corners
D:2:      layout_basic, nicolae_ru_great_annihilating_truth, uniq_sigmund
D:3:      layout_loops_ring, minmay_misc_feat_enclosed, uniq_natasha,
          uniq_terence, uniq_robin
D:4:      minmay_skewed_foursquare, layout_basic
D:5:      kennysheep_kobold_camp, layout_loops_ring,
          nicolae_overflow_hidden_temple, lemuel_doored_altar,
          grunt_temple_overflow_open, first_ration
D:6:      layout_cave_pools, serial_shops, shop, xom_teletrap_fun,
          uniq_eustachio
D:7:      layout_loops_ring, bloody_trog, kennysheep_mini_moat,
          minmay_temple_entry_large_hall, gammafunk_ghost_necromancy,
          nicolae_gozag_seed_capital
Temple:   minmay_temple_curvy_loop

Skill      XL: |  1  2  3  4  5  6  7  8  9 |
---------------+----------------------------+-----
Unarmed Combat | 4 6 8 9 11 13 | 13.1
Fighting       | |  2.4
Dodging        | |  2.4
Stealth        | |  1.0

Action                   |  1- 3 |  4- 6 |  7- 9 || total
-------------------------+-------+-------+-------++-------
Melee: Unarmed           |    88 |   129 |   335 ||   552
       Punch             |     1 |     1 |    21 ||    23
  Use: Scroll            |       |     1 |     4 ||     5
       Potion            |       |       |     4 ||     4
 Stab: Sleeping          |     2 |     6 |     4 ||    12
       Paralysed         |     1 |       |       ||     1
  Eat: Chunk             |    14 |    18 |    19 ||    51
Armor: Robe              |    27 |    41 |   117 ||   185
Dodge: Dodged            |    45 |    49 |   174 ||   268

Table legend:
 A = Non-vault XP
 B = Vault XP
 C = Vault XP percentage of total XP
 D = Non-vault monster count
 E = Vault monster count
 F = Vault count percentage of total count
                 A         B        C        D         E       F
            +---------+---------+-------+---------+---------+-------
      Total |    2662 |    1498 |  36.0 |     149 |      44 |  22.8
            +---------+---------+-------+---------+---------+-------
        D:1 |      29 |       0 |   0.0 |      18 |       0 |   0.0
        D:2 |      39 |     265 |  87.2 |      17 |       5 |  22.7
        D:3 |      63 |     107 |  62.9 |      20 |      14 |  41.2
        D:4 |     444 |       4 |   0.9 |      25 |       2 |   7.4
        D:5 |     396 |     124 |  23.8 |      21 |      21 |  50.0
        D:6 |     580 |     196 |  25.3 |      22 |       1 |   4.3
        D:7 |    1111 |     802 |  41.9 |      26 |       1 |   3.7
            +---------+---------+-------+---------+---------+-------
